 Dungeon Crawl Stone Soup version 0.26-a0-1222-g14533b3512 (webtiles) character file.

Game seed: 15449934181505101422

560 jiml777 the Magician (level 7, -3/36 HPs)
             Began as a Deep Elf Air Elementalist on Jan 1, 2021.
             Slain by a black mamba (shapeshifter) (11 damage)
             ... on level 4 of the Dungeon.
             The game lasted 00:31:10 (4201 turns).

jiml777 the Magician (Deep Elf Air Elementalist)    Turns: 4201, Time: 00:31:11

Health: -3/36      AC:  5    Str:  5    XL:     7   Next: 9%
Magic:  5/17       EV: 13    Int: 22    God:
Gold:   262        SH:  0    Dex: 15    Spells: 7/17 levels left

rFire    . . .     SeeInvis .   c - +3 dagger (chaos)
rCold    . . .     Faith    .   (no shield)
rNeg     . . .     Spirit   .   m - +0 robe
rPois    .         Reflect  .   (no helmet)
rElec    .         Harm     .   (no cloak)
rCorr    +         Rampage  .   o - +2 pair of gloves
Will     .....                  (no boots)
Stlth    ++........             (no amulet)
HPRegen  0.12/turn              j - ring of wizardry
MPRegen  0.15/turn              p - ring of resist corrosion

@: no status effects
A: no striking features
a: no special abilities


You were on level 4 of the Dungeon.
You visited 1 branch of the dungeon, and saw 4 of its levels.

You collected 262 gold pieces.

Inventory:

Hand Weapons
 c - a +3 dagger of chaos (weapon)
 q - a +2 dagger of venom
Missiles
 g - 29 arrows
 i - 13 poisoned darts
Armour
 m - a +0 robe (worn)
 o - a +2 pair of gloves (worn)
Jewellery
 j - a ring of wizardry (left hand)
 p - a ring of resist corrosion (right hand)
Wands
 f - a wand of disintegration (20)
Scrolls
 d - a scroll of teleportation
 h - a scroll of remove curse
 n - a scroll of immolation {unknown}
Potions
 b - a potion of mutation
 e - a potion of resistance {unknown}
 k - a potion of curing
 l - 2 potions of berserk rage


   Skills:
 - Level 3.0 Dodging
 - Level 3.1 Stealth
 + Level 5.9 Spellcasting
 * Level 3.6 Conjurations
 + Level 5.2 Air Magic
 * Level 2.5 Evocations


You had 7 spell levels left.
You knew the following spells:

 Your Spells              Type           Power        Failure   Level
a - Shock                 Conj/Air       100%         1%          1
b - Swiftness             Air            29%          1%          2
c - Static Discharge      Conj/Air       26%          1%          3
d - Airstrike             Air            14%          4%          4

Your spell library contained the following spells:

 Spells                   Type           Power        Failure   Level
 Lightning Bolt           Conj/Air       13%          16%         5


Dungeon Overview and Level Annotations

Branches:
Dungeon (4/15)
 Temple: D:4-7

Altars:
Xom


Message History

The black mamba is severely wounded.
You feel very sick. The black mamba bites you!
You are more poisoned.
The black mamba poisons you! The black mamba bites you!
* * * LOW HITPOINT WARNING * * *
You are more poisoned.
The black mamba poisons you!
You feel better. The black mamba bites you!
* * * LOW HITPOINT WARNING * * *
The black mamba completely misses you.
Casting: Airstrike (quite dangerous; 4% risk of failure)
Confirm with . or Enter, or press ? or * to list all spells.
The spell is quite dangerous to cast (4% risk of failure)!
Continue anyway?
Okay, then.
You feel better. The black mamba bites you!
* * * LOW HITPOINT WARNING * * *
The black mamba barely misses you.
You feel better. The black mamba bites you!
You die...

#.#.......#
######......#
#)#.......#
#..÷..#....
#.#.......#
#.#....#..#
#.#.......#
#.#.....#..
#.........#
#.#.......#
###.......#
#)##*....#.
###'#####
#.##°#).#.. ####.#
#########s##.s.#.?.
#....####
#.@S....#.##..#....
#.###...#
#.#####.#.##.#..#..
# #.#.# #.#
#°#.##.......
...#.# #.#
#°#.########.
#####.#
#.#####○#.....# ##
#(...#
#.....#°#####.#
#.#### #####.#°#
#s# #.# #.#s# #.#
#)# #.#○# #.#


You could see a black mamba.

Vanquished Creatures
  An ogre (D:4)
  A scorpion (D:4)
  2 howler monkeys (D:4)
  4 crimson imps (D:3)
  A centaur skeleton (D:4)
  An orc wizard (D:3)
  Jessica (D:2)
  A worker ant (D:3)
  4 adders
  2 oozes (D:3)
  An adder skeleton (D:4)
  A worm (D:4)
  4 leopard geckos
  7 orcs (D:3)
  2 giant cockroaches
  4 goblins
  6 hobgoblins
  7 jackals
  A quokka (D:3)
  A ball python (D:4)
  3 bats
  3 frilled lizards
  2 kobolds (D:1)
  A leopard gecko skeleton (D:4)
  9 rats
70 creatures vanquished.

Notes
Turn   | Place    | Note
-------+----------+-------------------------------------------
     0 | D:1      | jiml777 the Deep Elf Air Elementalist began the quest for
                  | the Orb.
     0 | D:1      | Reached XP level 1. HP: 10/10 MP: 6/6
   453 | D:1      | Reached XP level 2. HP: 15/15 MP: 3/8
   456 | D:1      | Learned a level 2 spell: Swiftness
  1250 | D:2      | Noticed Jessica
  1259 | D:2      | Killed Jessica
  1260 | D:2      | Reached XP level 3. HP: 19/19 MP: 6/10
  1263 | D:2      | Found a faded altar of an unknown god.
  2035 | D:3      | Reached XP level 4. HP: 24/24 MP: 9/12
  2784 | D:3      | Reached XP level 5. HP: 25/28 MP: 4/13
  3021 | D:3      | Learned a level 3 spell: Static Discharge
  3026 | D:3      | Learned a level 4 spell: Airstrike
  3097 | D:3      | Found a shimmering altar of Xom.
  3110 | D:3      | Reached skill level 1 in Evocations
  3276 | D:3      | Reached skill level 5 in Spellcasting
  3276 | D:3      | Reached XP level 6. HP: 32/32 MP: 10/15
  3597 | D:4      | Reached skill level 5 in Air Magic
  4028 | D:4      | Reached XP level 7. HP: 32/36 MP: 0/17
  4033 | D:4      | Noticed a shapeshifter
  4033 | D:4      | an adder changed into a shapeshifter
  4033 | D:4      | Noticed an orb spider
  4033 | D:4      | a shapeshifter changed into an orb spider
  4192 | D:4      | Noticed a black mamba
  4200 | D:4      | HP: 1/36 [black mamba (shapeshifter) (10)]
  4201 | D:4      | Slain by a black mamba (shapeshifter)

Illustrated notes

Levels and vault maps discovered:
D:1:      dpeg_arrival_short_road, layout_loops_corners, due_unseen_surprise
D:2:      layout_loops_cross, chequers_ecumenical_altar_simple_redux,
          dk_noncrumbling_3, uniq_jessica
D:3:      layout_basic, led_xom_imps
D:4:      layout_basic, lemuel_doored_altar, hangedman_decor_opposing,
          st_stairs_6

Skill      XL: |  1  2  3  4  5  6 |
---------------+-------------------+-----
Spellcasting   | 4 5 |  5.9
Air Magic      | 4 5 |  5.2
Conjurations   | 2 3 |  3.6
Dodging        | 3 |  3.0
Stealth        | 3 |  3.1
Evocations     | 1 2 |  2.5

Action                   |  1- 3 |  4- 6 |  7- 9 || total
-------------------------+-------+-------+-------++-------
Melee: Dagger            |       |       |    14 ||    14
 Cast: Shock             |    68 |    57 |       ||   125
       Swiftness         |       |     1 |       ||     1
       Airstrike         |       |    19 |     4 ||    23
  Use: Scroll            |     8 |     2 |       ||    10
       Potion            |       |       |     4 ||     4
Armor: Robe              |       |     5 |       ||     5
Dodge: Dodged            |     8 |    18 |     9 ||    35

Table legend: (Time is in decaauts)
 A = Elapsed time spent in this place.
 B = Non-inter-level travel time spent in this place.
 C = Inter-level travel time spent in this place.
 D = Time resting spent in this place.
 E = Time spent auto-exploring this place.
 F = Levels seen in this place.
 G = Mean time per level.
                   A        B        C        D        E       F      G
               +--------+--------+--------+--------+--------+-----+--------+
         Total |   4203 |   4153 |     50 |   1288 |   2179 |   4 | 1050.8 |
       Dungeon |   4203 |   4153 |     50 |   1288 |   2179 |   4 | 1050.8 |
               +--------+--------+--------+--------+--------+-----+--------+

Top non-repeatable levels by time:
     D:3: 1653 daAuts
     D:1: 1097 daAuts
     D:4: 776 daAuts
     D:2: 677 daAuts
